 Dungeon Crawl Stone Soup version 0.27.0-1-g7a089689b8 (webtiles) character file.

Game seed: 9340736511201654639

10019 Leibowitz the Destroyer (level 11, 0/85 HPs)
             Began as a Yellow Draconian Conjurer on Aug 8, 2021.
             Was an Elder of the Shining One.
             Killed from afar by an acid dragon (3 damage)
             ... with a splash of acid
             ... on level 12 of the Dungeon.
             The game lasted 01:02:14 (14521 turns).

Leibowitz the Destroyer (DrCj)                     Turns: 14521, Time: 01:02:16

Health: 0/85       AC: 10    Str: 11    XL:     11   Next: 30%
Magic:  10/23      EV: 13    Int: 27    God:    the Shining One [****..]
Gold:   646        SH:  0    Dex:  9    Spells: 9/27 levels left

rFire    . . .     SeeInvis .   y - +10 fustibalus "Imizuohu" {vorpal, rElec rC+}
rCold    + . .     Faith    .   (no shield)
rNeg     + + .     Spirit   .   (armour unavailable)
rPois    .         Reflect  .   (helmet restricted)
rElec    +         Harm     .   r - +1 cloak
rCorr    +         Rampage  .   z - +0 pair of gloves
Will     .....                  (no boots)
Stlth    +.........             (no amulet)
HPRegen  0.24/turn              v - +6 ring of intelligence
MPRegen  0.18/turn              (no ring)

@: very slightly contaminated, glowing
A: spit acid, AC +7, unfitting armour, cold-blooded, acid resistance
a: Breathe Acid, Renounce Religion, Divine Shield, Cleansing Flame


You were on level 12 of the Dungeon.
You worshipped the Shining One.
The Shining One was greatly pleased with you.
You visited 2 branches of the dungeon, and saw 13 of its levels.

You collected 646 gold pieces.

Inventory:

Hand Weapons
 a - a +1 vorpal war axe
 d - a +0 short sword of holy wrath
 x - a +2 hand axe of flaming
 y - the +10 fustibalus "Imizuohu" (weapon) {vorpal, rElec rC+}
   (You took it off a kobold brigand on level 7 of the Dungeon)

   Any ammunition fired from it inflicts extra damage upon your enemies.
   rC:        It protects you from cold.
   rElec:     It insulates you from electricity.
Armour
 n - the +2 leather armour of Summertime {Str+9 Slay-5 SInv Stlth+}
   (You found it on level 4 of the Dungeon)

   Str:       It affects your strength (+9).
   Slay:      It affects your accuracy & damage with ranged weapons and melee
   (-5).
   SInv:      It lets you see invisible.
   Stlth:     It makes you more stealthy.
 r - a +1 cloak (worn)
 z - a +0 pair of gloves (worn)
Jewellery
 v - a +6 ring of intelligence (left hand)
Wands
 h - a wand of mindburst (20)
 m - a wand of paralysis (15)
 o - a wand of digging (2)
 p - a wand of flame (19)
Scrolls
 b - a scroll of magic mapping
 e - 10 scrolls of identify
 i - 5 scrolls of enchant weapon
 s - a scroll of fog
 u - a scroll of amnesia
 w - a scroll of enchant armour
Potions
 c - a potion of magic
 g - a potion of brilliance
 j - 2 potions of might
 k - 2 potions of curing
 l - a potion of lignification
 q - a potion of cancellation
 t - 2 potions of flight


   Skills:
 + Level 4.7 Fighting
 + Level 4.4 Axes
 + Level 5.8 Dodging
 - Level 3.2 Stealth
 + Level 8.6 Spellcasting
 + Level 9.7 Conjurations
 + Level 2.2 Hexes
 + Level 2.2 Translocations
 + Level 1.6 Air Magic
 * Level 8.2 Invocations


You had 9 spell levels left.
You knew the following spells:

 Your Spells              Type           Power      Damage    Failure   Level
a - Magic Dart            Conj           100%       1d8       1%          1
b - Searing Ray           Conj           100%       3d7       1%          2
c - Fulminant Prism       Conj/Hex       21%        3d13      4%          4
d - Iskenderun's Mystic   Conj/Tloc      43%        2d10      4%          4
e - Swiftness             Air            20%        N/A       8%          3
f - Airstrike             Air            10%        N/A       26%         4

Your spell library contained the following spells:

 Spells                   Type           Power      Damage    Failure   Level
 Corona                   Hex            25%        N/A       1%          1
 Shock                    Conj/Air       100%       1d9       1%          1
 Static Discharge         Conj/Air       42%        N/A       1%          2
 Dazzling Flash           Conj/Hex       86%        N/A       1%          3
 Ensorcelled Hibernation  Hex/Ice        34%        N/A       4%          2
 Tukima's Dance           Hex            23%        N/A       6%          3
 Sticky Flame             Conj/Fire      37%        2d6       7%          4
 Passwall                 Tmut/Erth      9%         N/A       8%          2
 Dispel Undead            Necr           11%        3d9       45%         4
 Invisibility             Hex            11%        N/A       97%         6


Dungeon Overview and Level Annotations

Branches:
Dungeon (12/15)            Temple (1/1) D:6             Orc (0/2) D:10
   Lair: D:8-11

Altars:
Ashenzari
Cheibriados
Dithmenos
Elyvilon
Fedhas
Gozag
Hepliaklqana
Kikubaaqudgha
Makhleb
Nemelex Xobeh
Okawaru
Qazlal
Ru
Sif Muna
Trog
Uskayaw
Vehumet
Wu Jian
Xom
Yredelemnul
Zin
The Shining One

Shops:
D:8 (


Innate Abilities, Weirdness & Mutations

You can spit globs of acid.
Your golden yellow scales are hard. (AC +7)
You cannot fit into any form of body armour.
You are cold-blooded and may be slowed by cold attacks.
You are resistant to acid. (rCorr)


Message History

The komodo dragon bites you! The Shining One protects you from harm!
Press: ? - help, Shift-Dir - straight line, f/p - komodo dragon
Aim: a komodo dragon (severely wounded, haloed)
You spit a glob of acid.
The glob of acid hits the komodo dragon!
The komodo dragon is splashed with acid!
The acid corrodes the komodo dragon!
You kill the komodo dragon!
You start resting.
A boulder beetle is nearby!
You see here a komodo dragon corpse.
The boulder beetle curls into a ball and begins rolling!
There is a stone staircase leading down here.
You have got your breath back.
The boulder beetle barely misses you.
The boulder beetle stops rolling and uncurls.
You climb downwards.
An acid dragon comes into view.
Found a bardiche.
Found an escape hatch in the floor.
Found a stone staircase leading up.
There is a stone staircase leading up here.
Casting: Searing Ray (safe; 1% risk of failure)
Confirm with . or Enter, or press ? or * to list all spells.
Aiming: Airstrike (dangerous; 26% risk of failure)
Press: ? - help, Dir - move target, f - acid dragon
Aim: an acid dragon (haloed)
You miscast Airstrike.
You are very lightly contaminated with residual magic.
Nothing appears to happen.
Casting: Airstrike (dangerous; 26% risk of failure)
Confirm with . or Enter, or press ? or * to list all spells.
Aiming: Airstrike (dangerous; 26% risk of failure)
Press: ? - help, Dir - move target, f/p - acid dragon
Aim: an acid dragon (haloed)
You miscast Airstrike.
The wind whips around you. You resist.
* * * LOW HITPOINT WARNING * * *
The acid dragon spits acid at you. The splash of acid hits you. You resist.
You die...

# #####.###
#<......#
#.@.....#
#.D..>....
.........#.
###.....).#
#########


You could see an acid dragon (catching breath).

Vanquished Creatures
  2 centaur warriors (D:10)
  A two-headed ogre (D:7)
  A skeletal warrior (D:11)
  A komodo dragon (D:11)
  A troll (D:9)
  Grinder (D:4)
  A hornet (D:10)
  A shadow (D:11)
  2 wraiths (D:10)
  Sigmund (D:2)
  2 steam dragons
  16 yaks
  A basilisk (shapeshifter) (D:9)
  6 orc warriors
  2 ice beasts
  2 necrophages
  2 centaurs
  2 kobold brigands
  A bullfrog (D:7)
  2 scorpions (D:6)
  A water moccasin zombie (D:6)
  A water moccasin skeleton (D:7)
  5 killer bees (D:8)
  7 wights (D:8)
  2 howler monkeys
  A centaur zombie (D:8)
  3 hounds
  A gnoll shaman (D:6)
  7 orc priests
  Crazy Yiuf (D:4)
  A bullfrog skeleton (D:4)
  2 iguanas
  A jelly (D:6)
  Jessica (D:2)
  17 orc wizards
  A scorpion zombie (D:5)
  Ijyb (D:4)
  A killer bee zombie (D:6)
  A hound skeleton (D:4)
  A mummy (D:8)
  2 howler monkey zombies
  6 gnolls
  9 adders
  A howler monkey skeleton (D:5)
  2 shadow imps
  A white imp (D:8)
  An adder skeleton (D:4)
  2 worms
  4 dart slugs
  39 orcs
  9 endoplasms
  3 giant cockroaches
  9 goblins
  4 hobgoblins
  19 jackals
  20 kobolds
  3 quokkas
  10 ball pythons
  A bat (D:1)
  2 frilled lizards
  7 rats
  A spectral orc (D:8)
259 creatures vanquished.

Vanquished Creatures (others)
  21 fulminant prisms
  24 plants (D:11)
45 creatures vanquished.

Grand Total: 304 creatures vanquished

Notes
Turn   | Place    | Note
-------+----------+-------------------------------------------
     0 | D:1      | Leibowitz the Draconian Conjurer began the quest for the
                  | Orb.
     0 | D:1      | Reached XP level 1. HP: 14/14 MP: 3/3
    21 | D:1      | Found a faded altar of an unknown god.
    30 | D:1      | Became a worshipper of the Shining One
    30 | D:1      | Reached * piety under the Shining One
    46 | D:1      | Reached XP level 2. HP: 15/20 MP: 5/5
   262 | D:1      | Learned a level 2 spell: Searing Ray
   625 | D:1      | Reached XP level 3. HP: 26/26 MP: 1/6
  1346 | D:2      | Noticed Jessica
  1368 | D:2      | Killed Jessica
  1369 | D:2      | Reached skill level 1 in Fighting
  1369 | D:2      | Reached skill level 1 in Axes
  1369 | D:2      | Reached skill level 5 in Conjurations
  1369 | D:2      | Reached XP level 4. HP: 10/35 MP: 1/7
  1594 | D:2      | Reached ** piety under the Shining One
  1776 | D:2      | Found a white marble altar of Elyvilon.
  1937 | D:2      | Noticed Sigmund
  1947 | D:2      | Killed Sigmund
  1948 | D:2      | Reached XP level 5. HP: 41/41 MP: 0/8
  1948 | D:2      | Reached XP level 6. HP: 48/48 MP: 0/9
  3345 | D:4      | Your scales start taking on a golden yellow colour.
  3345 | D:4      | Reached XP level 7. HP: 36/56 MP: 7/11
  3345 | D:4      | Gained mutation: You are resistant to acid. (rCorr) [Yellow
                  | Draconian growth]
  3594 | D:4      | Identified the +2 leather armour of Summertime {Str+9
                  | Slay-5 SInv Stlth+}
  3706 | D:4      | Noticed Grinder
  3707 | D:4      | Paralysed by Grinder for 3 turns
  3720 | D:4      | Killed Grinder
  3796 | D:4      | Noticed Ijyb
  3816 | D:4      | Killed Ijyb
  3869 | D:4      | Found a white marble altar of Elyvilon.
  3905 | D:4      | Reached *** piety under the Shining One
  3906 | D:4      | Reached skill level 6 in Conjurations
  4154 | D:4      | Found a runed translucent door.
  4155 | D:4      | Noticed Crazy Yiuf
  4161 | D:4      | Killed Crazy Yiuf
  4349 | D:4      | Found a glowing silver altar of Zin.
  4378 | D:5      | Entered Level 5 of the Dungeon
  4643 | D:5      | Noticed a yak
  4643 | D:5      | Noticed a yak
  4644 | D:5      | Noticed a yak
  4644 | D:5      | Noticed a yak
  4645 | D:5      | Noticed a yak
  4698 | D:5      | Killed a yak
  4699 | D:5      | Reached XP level 8. HP: 37/62 MP: 6/14
  5056 | D:5      | Reached skill level 5 in Spellcasting
  5056 | D:5      | Reached skill level 7 in Conjurations
  5407 | D:5      | Learned a level 4 spell: Fulminant Prism
  5412 | D:5      | Learned a level 4 spell: Iskenderun's Mystic Blast
  5484 | D:5      | Reached skill level 1 in Invocations
  5626 | D:5      | Found an iron altar of Okawaru.
  5902 | D:6      | Reached XP level 9. HP: 58/70 MP: 5/17
  6569 | D:6      | Reached skill level 8 in Conjurations
  6918 | D:6      | Found a staircase to the Ecumenical Temple.
  6969 | Temple   | Entered the Ecumenical Temple
  7279 | D:6      | Found a glowing golden altar of the Shining One.
  7542 | D:7      | Identified the +10 fustibalus "Imizuohu" {vorpal, rElec
                  | rC+}
  7853 | D:7      | Reached skill level 1 in Hexes
  8505 | D:7      | Noticed a two-headed ogre
  8511 | D:7      | Killed a two-headed ogre
  8512 | D:7      | Reached skill level 1 in Translocations
  8512 | D:7      | Reached XP level 10. HP: 48/78 MP: 11/20
  8642 | D:7      | Found a broken altar of Ashenzari.
  8772 | D:8      | Reached **** piety under the Shining One
  8864 | D:8      | Reached skill level 9 in Conjurations
  9250 | D:8      | Found a hazy altar of Hepliaklqana.
  9309 | D:8      | Found Bylihim's Antique Weapon Shoppe.
  9658 | D:8      | Reached skill level 5 in Dodging
 10099 | D:8      | Found a snail-covered altar of Cheibriados.
 10322 | D:9      | Learned a level 3 spell: Swiftness
 10374 | D:9      | Reached skill level 5 in Invocations
 11619 | D:10     | Entered Level 10 of the Dungeon
 11629 | D:10     | Noticed a centaur warrior
 11871 | D:10     | Found a staircase to the Orcish Mines.
 11926 | D:10     | Found a hide-covered altar of Uskayaw.
 11952 | D:10     | Noticed a skeletal warrior
 11953 | D:10     | Noticed a skeletal warrior
 11956 | D:10     | Noticed a skeletal warrior
 11960 | D:10     | Killed a centaur warrior
 11961 | D:10     | Reached skill level 1 in Air Magic
 11962 | D:10     | Noticed a skeletal warrior
 11996 | D:10     | Paralysed by a hornet for 2 turns
 13046 | D:10     | Noticed a centaur warrior
 13055 | D:10     | Killed a centaur warrior
 13056 | D:10     | Reached XP level 11. HP: 25/85 MP: 16/23
 13433 | D:11     | Killed a skeletal warrior
 13766 | D:11     | Learned a level 4 spell: Airstrike
 14002 | D:11     | Noticed a boulder beetle
 14502 | D:11     | HP: 2/85 [komodo dragon (21)]
 14503 | D:11     | The Shining One protects you from harm!
 14521 | D:12     | HP: 3/85 [something (3)]
 14521 | D:12     | Killed from afar by an acid dragon

Illustrated notes

Levels and vault maps discovered:
D:1:      ncdulo_watergridlock, layout_basic, chequers_ecumenical_altar_simple,
          dk_noncrumbling_3, minmay_crystal_water, grunt_decor_fettered
D:2:      layout_loops_cross, basic_altar, hangedman_feature_mirror,
          uniq_sigmund, uniq_jessica
D:3:      layout_rooms, solitary_fountain
D:4:      layout_cave_pools, nicolae_elyvilon_peaceful_grove, zin_scriptorium,
          grunt_ministairs_6, uniq_ijyb, uniq_grinder, uniq_crazy_yiuf_cottage
D:5:      layout_gridville, lemuel_doored_altar
D:6:      layout_basic, mainiacjoe_overflow_small_starburst,
          minmay_temple_entry_mist
D:7:      layout_cave_pools, marbit_many_paths
D:8:      layout_basic, slow_altar_2, nicolae_hepliaklqana_monster_ancestors,
          serial_shops, shop, kennysheep_generic_room_15
D:9:      layout_stronghold
D:10:     layout_loops_corners, mainiacjoe_overflow_six_doors_small, orc_0_dummy
D:11:     layout_irregular_city, david_lair_shrubbed, palyth_stone_intersect
D:12:     layout_roguey, uniq_kirke
Temple:   minmay_temple_curvy_branch

Skill      XL: |  1  2  3  4  5  6  7  8  9 10 11 |
---------------+----------------------------------+-----
Dodging        | 2 3 4 5 |  5.8
Fighting       | 1 2 3 4 |  4.7
Axes           | 1 2 3 4 |  4.4
Conjurations   | 5 6 7 8 9 |  9.7
Stealth        | 2 3 |  3.2
Spellcasting   | 3 4 5 7 8 |  8.6
Invocations    | 1 4 7 8 |  8.2
Hexes          | 1 2 |  2.2
Translocations | 1 2 |  2.2
Air Magic      | 1 |  1.6

Action                   |  1- 3 |  4- 6 |  7- 9 | 10-12 || total
-------------------------+-------+-------+-------+-------++-------
Melee: War axe           |    37 |     7 |    15 |       ||    59
       Tailslap          |     3 |       |     3 |       ||     6
       Short sword       |       |       |     3 |       ||     3
       Fustibalus        |       |       |       |     2 ||     2
 Cast: Searing Ray       |    13 |    24 |    48 |    50 ||   135
       Magic Dart        |     7 |    21 |    73 |    14 ||   115
       Iskenderun's Myst |       |       |    10 |     9 ||    19
       Fulminant Prism   |       |       |     9 |    12 ||    21
       Swiftness         |       |       |       |     6 ||     6
       Airstrike         |       |       |       |     1 ||     1
Invok: Divine Shield     |       |       |     2 |       ||     2
       Cleansing Flame   |       |       |       |     8 ||     8
 Abil: Breathe Acid      |       |       |     3 |     5 ||     8
  Use: Scroll            |       |       |    17 |     7 ||    24
       Potion            |       |       |       |     6 ||     6
Armor: Skin              |    17 |    17 |    49 |    36 ||   119
Dodge: Dodged            |    45 |    24 |    78 |    88 ||   235
Block: Other             |       |       |     1 |       ||     1
